 Dungeon Crawl Stone Soup version 0.25.0-9-g26727b657a (webtiles) character file.

Game seed: 9495891862925830653

816 Arthanis the Chopper (level 7, -3/44 HPs)
             Began as a Gargoyle Berserker on June 20, 2020.
             Was a Priest of Trog.
             Slain by an ogre
             ... wielding a +0 giant club
              (20 damage)
             ... on level 4 of the Dungeon.
             The game lasted 00:04:16 (3830 turns).

Arthanis the Chopper (Gargoyle Berserker)           Turns: 3830, Time: 00:04:17

Health: -3/44      AC: 18    Str: 20    XL:     7   Next: 94%
Magic:  7/7        EV:  2    Int: 10    God:    Trog [***...]
Gold:   394        SH: 13    Dex:  9    Spells: 6/6 levels left

rFire    . . .     SeeInvis .   b - +2 dagger (venom)
rCold    . . .     Gourm    .   f - +0 tower shield
rNeg     + . .     Faith    .   j - +0 plate armour
rPois    ∞         Spirit   .   (no helmet)
rElec    +         Reflect  .   (no cloak)
rCorr    .         Harm     .   (no gloves)
MR       ++...                  g - +0 pair of boots
Stlth    ..........             (no amulet)
HPRegen  1.14/turn              p - ring of stealth
MPRegen  0.10/turn              h - ring of wizardry

@: regenerating
A: negative energy resistance 1, electricity resistance, unbreathing,
petrification resistance, rot immunity, AC +4
a: Berserk, Trog's Hand, Renounce Religion


You were on level 4 of the Dungeon.
You worshipped Trog.
Trog was most pleased with you.
You were hungry.

You visited 1 branch of the dungeon, and saw 4 of its levels.

You collected 394 gold pieces.

Inventory:

Hand Weapons
 a - a +0 hand axe
 b - a +2 dagger of venom (weapon)
 r - a +0 trident
Armour
 f - a +0 tower shield (worn)
 g - a +0 pair of boots (worn)
 j - a +0 plate armour (worn)
 s - a +0 animal skin
Jewellery
 h - a ring of wizardry (right hand)
 p - a ring of stealth (left hand)
Scrolls
 d - 2 scrolls of teleportation {unknown}
 e - 3 scrolls of identify {unknown}
 i - a scroll of enchant armour {unknown}
 l - a scroll of blinking {unknown}
 m - 2 scrolls of remove curse {unknown}
 n - a scroll of fear {unknown}
Potions
 k - a potion of curing {unknown}
 o - a potion of berserk rage {unknown}
Comestibles
 c - 5 rations
 q - 3 chunks of flesh


   Skills:
 + Level 5.3 Fighting
 * Level 5.6 Axes
 + Level 4.6 Armour
 - Level 2.0 Dodging
 + Level 3.6 Shields


You had 6 spell levels left.
You didn't know any spells.
Your spell library was empty.

Dungeon Overview and Level Annotations

Branches:
Dungeon (4/15)
 Temple: D:4-7

Altars:


Innate Abilities, Weirdness & Mutations

You are resistant to torment.
Your stone body is resilient. (AC +4)
You are immune to poison.
You resist negative energy. (rN+)
You are resistant to electric shocks. (rElec)
You can survive without breathing.
You are immune to petrification.
You are immune to rotting.


Message History

The ogre shouts!
You hit the ogre.
The ogre is lightly wounded.
You block the ogre's attack.
You hit the ogre.
The ogre is moderately wounded.
The ogre hits you with a +0 giant club!
You hit the ogre.
The ogre is heavily wounded.
The ogre hits you but does no damage.
An ogre comes into view. It is wielding a -2 giant club.
The ogre shouts!
You hit the ogre.
The ogre is poisoned.
The ogre is severely wounded.
The ogre hits you with a +0 giant club!
Your skin crawls.
You feel resistant to hostile enchantments.
You are feeling hungry.
The ogre hits you with a +0 giant club!!
You die...

........#.###.# ##.#.##.
..............# #..#....
#..#.......#### #.......
#.#...#.#...# #.##.##.
...#....#...# #.##.##. #
#......#..O# #.##.##.
##.....#..#...# ###.##.##.
#.#.#.....#..O#######.........
#.#..#......@......#.#.##.###
..##..#..................##....
#...................#.#.##.###
###.#...#.#...#######.#..#.# #
#.######...# #......### #.
###...### #.......# # #.^.....#
#.##.##.# #.#...#.# #.##.##.##
#.#...#.#####.##......


You could see 2 ogres.

Vanquished Creatures
  Grinder (D:3)
  5 big kobolds (D:3)
  A hound (D:4)
  Natasha (D:4)
  A worker ant (D:4)
  A hound skeleton (D:4)
  2 gnolls (D:3)
  3 adders
  A shadow imp (D:4)
  2 oozes
  An adder skeleton (D:4)
  4 worms
  A dart slug (D:2)
  3 leopard geckos (D:2)
  4 orcs (D:3)
  7 bats
  4 giant cockroaches
  10 goblins
  9 hobgoblins
  44 kobolds
  2 quokkas
  A ball python (D:3)
  4 frilled lizards (D:1)
  4 rats
116 creatures vanquished.

Vanquished Creatures (others)
  A kobold (D:3)
1 creature vanquished.

Grand Total: 117 creatures vanquished

Notes
Turn   | Place    | Note
-------+----------+-------------------------------------------
     0 | D:1      | Arthanis the Gargoyle Berserker began the quest for the
                  | Orb.
     0 | D:1      | Reached XP level 1. HP: 14/14 MP: 1/1
   156 | D:1      | Reached XP level 2. HP: 19/19 MP: 2/2
   557 | D:1      | Reached XP level 3. HP: 17/23 MP: 3/3
   901 | D:1      | Reached ** piety under Trog
  1845 | D:2      | Reached skill level 1 in Shields
  1845 | D:2      | Reached XP level 4. HP: 29/29 MP: 4/4
  2075 | D:3      | Noticed Grinder
  2089 | D:3      | Paralysed by Grinder for 3 turns
  2107 | D:3      | Killed Grinder
  2107 | D:3      | Reached XP level 5. HP: 34/34 MP: 5/5
  2107 | D:3      | Reached XP level 6. HP: 39/39 MP: 6/6
  2837 | D:3      | Reached *** piety under Trog
  3049 | D:3      | Reached XP level 7. HP: 44/44 MP: 7/7
  3053 | D:3      | Reached skill level 5 in Axes
  3061 | D:3      | Reached skill level 5 in Fighting
  3737 | D:4      | Noticed Natasha
  3747 | D:4      | Killed Natasha
  3830 | D:4      | Slain by an ogre

Illustrated notes

Levels and vault maps discovered:
D:1:      minmay_arrival_radiant_lines, layout_basic
D:2:      layout_basic, minmay_vboxes
D:3:      minmay_goblin_kobold_castle, layout_basic, uniq_grinder
D:4:      layout_loops_cross, first_ration, minmay_increasing_density,
          uniq_natasha

Skill      XL: |  1  2  3  4  5  6  7 |
---------------+----------------------+-----
Axes           | 3 4 5 |  5.6
Dodging        | 2 |  2.0
Shields        | 1 2 3 |  3.6
Fighting       | 4 5 |  5.3
Armour         | 3 4 |  4.6

Action                   |  1- 3 |  4- 6 |  7- 9 || total
-------------------------+-------+-------+-------++-------
Melee: Hand axe          |   193 |    82 |    26 ||   301
       Dagger            |       |   113 |    66 ||   179
Invok: Berserk           |       |     2 |       ||     2
       Trog's Hand       |       |     1 |     1 ||     2
  Eat: Chunk             |     3 |     5 |     4 ||    12
Armor: Animal skin       |    51 |       |       ||    51
       Plate armour      |    35 |   112 |    57 ||   204
Dodge: Dodged            |    84 |    11 |     7 ||   102
Block: Tower shield      |    80 |   149 |    78 ||   307
